 Dungeon Crawl Stone Soup version 0.30-b1-2-g02819fbbbe (webtiles) character file.

Game seed: 3920090826538030580

40870 Alarkh the Black Belt (level 13, -2/104 HPs)
             Began as a Demonspawn Delver on May 22, 2023.
             Was a Believer of Uskayaw.
             Slain by a catoblepas (21 damage)
             ... on level 5 of the Lair of Beasts.
             The game lasted 00:29:29 (18472 turns).

Alarkh the Black Belt (Demonspawn Delver)          Turns: 18472, Time: 00:29:30

Health: -2/104     AC: 16    Str:  7    XL:     13   Next: 77%
Magic:  16/18      EV: 14    Int: 15    God:    Uskayaw [**....]
Gold:   1277       SH: 11    Dex: 15    Spells: 12/12 levels left

rFire   . .          .
                       - Unarmed
rCold   . . .        D - +0 buckler
rNeg    . . .        j - +2 robe of the Amoeba {*Slow rElec Will+++ Str-5 Slay+6}
rPois   .            (helmet restricted)
rElec   +            g - +2 cloak
rCorr   .            (no gloves)
SInv    .            A - +0 pair of boots
Will    +++..        B - amulet of reflection
Stlth   ++++         z - +4 ring of protection
HPRegen 0.37/turn    M - +4 ring of protection
MPRegen 0.16/turn

%: slow self (1%), reflection
@: mighty
A: claws 2, powered by pain 3, sturdy frame 2, antennae 1, clumsy 1
a: Renounce Religion, Stomp, Line Pass


You were on level 5 of the Lair of Beasts.
You worshipped Uskayaw.
Uskayaw was noncommittal.
You visited 3 branches of the dungeon, and saw 18 of its levels.

You collected 1277 gold pieces.

Inventory:

Missiles
 h - a throwing net (quivered)
Armour
 g - a +2 cloak (worn)
 j - the +2 robe of the Amoeba (worn) {*Slow rElec Will+++ Str-5 Slay+6}
   (You found it on level 5 of the Dungeon)

   Str:       It affects your strength (-5).
   Slay:      It affects your accuracy & damage with ranged weapons and melee
   (+6).
   rElec:     It insulates you from electricity.
   *Slow:     It may slow you when you take damage.
   Will:      It greatly increases your willpower.
 q - a +0 helmet
 A - a +0 pair of boots (worn)
 D - a +0 buckler (worn)
 F - an orb of guile
 Q - an orb of mayhem
 R - an orb of wrath
Magical Staves
 i - a staff of poison
 I - a staff of air
 O - a staff of cold
Jewellery
 a - an amulet of guardian spirit
 z - a +4 ring of protection (left claw)
 B - an amulet of reflection (around neck)
 M - a +4 ring of protection (right claw)
Wands
 f - a wand of digging (12)
 E - a wand of roots (2)
 H - a wand of polymorph (3)
 J - a wand of acid (2)
 K - a wand of flame (8)
Scrolls
 b - 2 scrolls of fog
 c - 3 scrolls of magic mapping
 d - 2 scrolls of summoning
 k - a scroll of brand weapon
 m - 3 scrolls of vulnerability
 p - a scroll of torment
 r - a scroll of identify
 t - 3 scrolls of immolation
 u - 3 scrolls of noise
 w - 2 scrolls of fear
 x - 6 scrolls of poison
 y - 5 scrolls of amnesia
 C - 5 scrolls of teleportation
 P - a scroll of enchant weapon {unknown}
Potions
 e - a potion of haste
 l - 3 potions of flight
 n - 3 potions of cancellation
 o - a potion of magic
 s - 3 potions of brilliance
 v - 9 potions of curing
 G - 2 potions of ambrosia
 N - a potion of attraction
 S - a potion of heal wounds


   Skills:
 + Level 10.4 Fighting
 + Level 6.0 Dodging
 - Level 8.0 Stealth
 + Level 7.8 Shields
 * Level 15.9 Unarmed Combat
 + Level 7.6 Invocations


You had 12 spell levels left.
You didn't know any spells.
Your spell library contained the following spells:

 Spells                   Type           Power      Damage    Failure   Level
 Apportation              Tloc           0%         N/A       36%         1
 Ensorcelled Hibernation  Hex/Ice        0%         N/A       52%         2
 Poisonous Vapours        Pois/Air       0%         N/A       52%         2
 Gell's Gravitas          Tloc           0%         N/A       75%         3
 Inner Flame              Hex/Fire       0%         N/A       75%         3
 Mephitic Cloud           Conj/Pois/Air  0%         N/A       75%         3
 Spider Form              Tmut/Pois      0%         N/A       75%         3
 Teleport Other           Tloc           0%         N/A       75%         3
 Anguish                  Hex/Necr       0%         N/A       98%         4
 Cause Fear               Hex            0%         N/A       98%         4
 Alistair's Intoxication  Tmut/Pois      0%         N/A       100%        5
 Freezing Cloud           Conj/Ice/Air   0%         6-21      100%        5
 Yara's Violent Unravell  Hex/Tmut       0%         3d3       100%        5
 Dispersal                Tloc           0%         N/A       100%        6
 Enfeeble                 Hex            0%         N/A       100%        7


Dungeon Overview and Level Annotations

Branches:
Dungeon (12/15)            Temple (1/1) D:5            Lair (5/5) D:11
  Swamp (0/4) Lair:2        Snake (0/4) Lair:3        Slime (0/5) Lair:5
    Orc (0/2) D:9

Altars:
Ashenzari
Cheibriados
Dithmenos
Fedhas
Gozag
Hepliaklqana
Kikubaaqudgha
Makhleb
Nemelex Xobeh
Okawaru
Qazlal
Ru
Sif Muna
Trog
Uskayaw
Vehumet
Wu Jian
Xom
Yredelemnul
Jiyva

Shops:
D:2 [   D:4 =   D:10 ?

Portals:
Trove: D:10 (give +4 storm dragon scales)

Annotations:
D:9 Erolcha
D:10 exclusion: two-headed ogre, Amaemon
Lair:3 exclusions: oklob plant and 1 more exclusion
Lair:5 2 transporters, sastreii's ghost, journeyman GrFi


Innate Abilities, Weirdness & Mutations

You have very sharp fingernails.
You are powered by pain.
Your movements are less encumbered by armour. (ER -4)
You have a pair of small antennae on your head.
You are clumsy. (Dex -2)


Message History

You mangle the catoblepas!!
The catoblepas is moderately wounded.
The ice encasing you melts away.
The catoblepas breathes a plume of calcifying dust at you.
The blast of calcifying dust hits you but does no damage.
The catoblepas barely misses you.
You claw the catoblepas!
The catoblepas is moderately wounded.
The rime drake is engulfed in calcifying dust.
The rime drake is moving more slowly.
The rime drake misses you. You block the catoblepas's attack.
The six-headed hydra is engulfed in calcifying dust.
The six-headed hydra is moving more slowly.
You can now pass through a line of other dancers.
The rime drake is engulfed in calcifying dust.
The rime drake stops moving altogether!
The rime drake is engulfed in calcifying dust.
You barely miss the catoblepas.
The catoblepas is moderately wounded.
The catoblepas attacks as you move away!
The catoblepas gores you.
You scratch the catoblepas.
The catoblepas is heavily wounded.
The cane toad is no longer petrified.
You block the catoblepas's attack. The catoblepas barely misses you.
You claw the catoblepas!
The catoblepas is heavily wounded.
The six-headed hydra stops moving altogether!
The catoblepas gores you!
* * * LOW HITPOINT WARNING * * *
You focus on the pain.
You feel mightier all of a sudden.
You claw the catoblepas!
The catoblepas is severely wounded.
The rime drake is no longer petrified.
The catoblepas gores you.
* * * LOW HITPOINT WARNING * * *
You scratch the catoblepas but do no damage.
The catoblepas is severely wounded.
The catoblepas gores you!!
You die...

........##########.....<..~~~..#.
...†...###.#P.####........~~~....
~~~~.####.......##........~~~....
~#~~.###..#.#...###..#..#.~~~....
~#~~###....†......####..#........
~PP~##.....#.F...## #.......#...©
~~~~##...=.###.FDP###.....#...###
....##..$$|#####Y.##P........##.©
....##...?.#...#@..##.......##.##
....###.####...#...##......##~...
...## #####.......###.#..##8.~$.
...# ##...###.#..###.#..##{.#.##
[..####....#..÷...# #...##SSl.##.
....##.#.....#...## #...#k#~.#..)
....##..........#.# #...#t#.~#(.
..<###P.....#....## #...#.#Y.##..
...# #..###.#...## ##..##.....#?


You could see a catoblepas, a six-headed hydra (petrified) and a cane toad.

Vanquished Creatures
  Snorg (Lair:3)
  A hydra (Lair:3)
  2 catoblepae (Lair:5)
  A centaur warrior (D:11)
  3 two-headed ogres (D:11)
  3 death yaks (Lair:4)
  Urug (Lair:4)
  2 skysharks (Lair:5)
  3 bog bodies (Lair:2)
  A lindwurm (Lair:5)
  2 manticores (Lair:5)
  5 elephants (Lair:3)
  2 torpor snails
  6 black mambas
  13 cane toads
  An unseen horror (D:11)
  7 rime drakes
  8 komodo dragons
  A kobold demonologist (D:11)
  A troll (D:8)
  2 polar bears (Lair:5)
  3 hornets
  7 dream sheep (Lair:4)
  Sigmund (D:2)
  11 blink frogs
  A shadow (D:10)
  3 wraiths
  3 wyverns
  27 yaks
  3 basilisks
  A steam dragon (Lair:1)
  2 wargs (D:11)
  2 vampire mosquitoes (D:11)
  3 nagas (Lair:3)
  Edmund (D:4)
  An acid dragon (D:11)
  10 water moccasins
  3 orc warriors
  A sky beast (D:8)
  3 ice beasts
  3 black bears
  4 ogres
  The ghost of Alarkh the Insei, an amateur DsCK of Xom (D:3)
  3 wolves (Lair:3)
  8 centaurs
  2 phantoms
  7 kobold brigands
  11 bullfrogs
  3 scorpions
  A gnoll sergeant (D:10)
  10 wights
  2 electric eels
  3 howler monkeys
  3 hounds (D:6)
  2 jellies (D:6)
  9 orc priests
  A sleepcap (D:6)
  2 iguanas (D:5)
  10 orc wizards (D:9)
  Natasha (thrice) (D:3)
  4 gnolls (D:10)
  13 adders
  3 shadow imps
  A white imp (D:7)
  3 ufetubi
  A dart slug (D:2)
  22 orcs
  10 ball pythons
  2 bats (D:1)
  8 endoplasms
  A giant cockroach (D:4)
  9 hobgoblins
  18 kobolds
  3 quokkas
  A frilled lizard (D:2)
  8 goblins
  5 rats
352 creatures vanquished.

Vanquished Creatures (others)
  14 fungi
  31 plants
45 creatures vanquished.

Grand Total: 397 creatures vanquished

Notes
Turn   | Place    | Note
-------+----------+-------------------------------------------
     0 | D:5      | Alarkh the Demonspawn Delver began the quest for the Orb.
     0 | D:5      | Reached XP level 1. HP: 18/18 MP: 1/1
    11 | D:5      | Noticed a black bear
    24 | D:5      | Noticed an iguana
    39 | D:5      | Killed a black bear
    40 | D:5      | Reached skill level 4 in Unarmed Combat
    40 | D:5      | Gained mutation: You have sharp fingernails. [demonic
                  | ancestry]
    40 | D:5      | Reached XP level 2. HP: 12/24 MP: 2/2
    40 | D:5      | Reached XP level 3. HP: 14/29 MP: 3/3
    40 | D:5      | Gained mutation: You sometimes gain a little power by
                  | taking damage. [demonic ancestry]
    40 | D:5      | Reached XP level 4. HP: 17/35 MP: 4/4
    42 | D:5      | Noticed an ogre
    51 | D:5      | Killed an ogre
    52 | D:5      | Reached skill level 5 in Unarmed Combat
    52 | D:5      | Gained mutation: You have very sharp fingernails. [demonic
                  | ancestry]
    52 | D:5      | Reached XP level 5. HP: 24/41 MP: 5/5
   213 | D:5      | Found a staircase to the Ecumenical Temple.
   261 | D:5      | Noticed an ogre
   284 | D:5      | Killed an ogre
   285 | D:5      | Reached XP level 6. HP: 47/47 MP: 6/6
   378 | D:5      | Reached skill level 6 in Unarmed Combat
   462 | D:5      | Identified the +2 robe of the Amoeba {*Slow rElec Will+++
                  | Str-5 Slay+6}
  1136 | D:4      | Reached skill level 7 in Unarmed Combat
  1136 | D:4      | Gained mutation: Your movements are slightly less
                  | encumbered by armour. (ER -2) [demonic ancestry]
  1136 | D:4      | Reached XP level 7. HP: 48/52 MP: 7/7
  1189 | D:2      | Noticed Sigmund
  1222 | D:2      | Killed Sigmund
  1497 | D:1      | Reached skill level 8 in Unarmed Combat
  2010 | D:2      | Found a shimmering altar of Xom.
  2134 | D:2      | Noticed an animated plate armour
  2136 | D:2      | Found Xinuggen's Armour Emporium.
  2138 | D:2      | Noticed an animated storm dragon scales
  2696 | D:3      | Found a large runed translucent door.
  2698 | D:3      | Found a large runed translucent door.
  2752 | D:3      | Noticed Natasha
  2757 | D:3      | Killed Natasha
  2840 | D:3      | Noticed Natasha
  2845 | D:3      | Killed Natasha
  2975 | D:3      | Noticed Natasha
  3040 | D:3      | Noticed Alarkh's ghost (amateur DsCK)
  3045 | D:3      | Killed Natasha
  3233 | D:3      | Killed Alarkh's ghost
  3234 | D:3      | Gained mutation: You sometimes gain power by taking damage.
                  | [demonic ancestry]
  3234 | D:3      | Reached XP level 8. HP: 45/58 MP: 8/8
  3408 | D:4      | Reached skill level 9 in Unarmed Combat
  3634 | D:4      | Noticed Edmund
  3663 | D:4      | Killed Edmund
  3931 | D:4      | Found Ecacku Hefu's Jewellery Shop.
  4284 | D:6      | Reached skill level 10 in Unarmed Combat
  4578 | D:6      | Reached XP level 9. HP: 65/65 MP: 9/9
  4748 | D:6      | Reached skill level 11 in Unarmed Combat
  5346 | D:7      | Reached skill level 5 in Fighting
  6114 | D:8      | Noticed a troll
  6118 | D:8      | Reached skill level 1 in Shields
  6125 | D:8      | Killed a troll
  6179 | D:8      | Reached skill level 12 in Unarmed Combat
  6685 | Temple   | Entered the Ecumenical Temple
  6904 | Temple   | Became a worshipper of Uskayaw the Reveller
  7067 | D:9      | Noticed Erolcha
  7067 | D:9      | Found a shimmering altar of Xom.
  7106 | D:8      | Reached * piety under Uskayaw
  7108 | D:8      | Gained mutation: You are powered by pain. [demonic
                  | ancestry]
  7108 | D:8      | Reached XP level 10. HP: 64/76 MP: 10/10
  7152 | D:9      | Reached ** piety under Uskayaw
  7156 | D:9      | Reached *** piety under Uskayaw
  7491 | D:9      | Reached **** piety under Uskayaw
  7496 | D:9      | Reached ***** piety under Uskayaw
  7586 | D:9      | Found a staircase to the Orcish Mines.
  7935 | D:10     | Entered Level 10 of the Dungeon
  8210 | D:10     | Noticed an orange demon
  8211 | D:10     | Noticed Amaemon
  8390 | D:10     | Identified the +9 quarterstaff "Pudazimy" {spect, Fly rF+}
  8448 | D:10     | Found Joatz's Magic Scroll Emporium.
  8557 | D:10     | Found a portal to a secret trove of treasure.
  8640 | D:10     | Reached skill level 13 in Unarmed Combat
  8694 | D:10     | Noticed a two-headed ogre
  8920 | D:11     | Noticed a two-headed ogre
  8925 | D:11     | Noticed a centaur warrior
  9340 | D:11     | Killed a centaur warrior
  9341 | D:11     | Reached XP level 11. HP: 74/84 MP: 11/11
  9419 | D:11     | Found a staircase to the Lair.
  9556 | Lair:1   | Entered Level 1 of the Lair of Beasts
  9665 | D:11     | Reached skill level 5 in Shields
 10034 | D:11     | Noticed a two-headed ogre
 10050 | D:11     | Killed a two-headed ogre
 10371 | D:11     | Noticed a two-headed ogre
 10383 | D:11     | Killed a two-headed ogre
 10384 | D:11     | Reached skill level 14 in Unarmed Combat
 10516 | D:11     | Killed a two-headed ogre
 10520 | D:11     | Reached skill level 5 in Stealth
 10740 | Lair:1   | Reached skill level 1 in Invocations
 10761 | Lair:1   | Identified the +0 dagger of Uncertain Death {heavy, rC++
                  | Str+3 Int+2}
 11289 | Lair:1   | Reached ****** piety under Uskayaw
 12040 | Lair:2   | Gained mutation: Your movements are less encumbered by
                  | armour. (ER -4) [demonic ancestry]
 12040 | Lair:2   | Reached XP level 12. HP: 94/94 MP: 14/14
 12695 | Lair:2   | Found a staircase to the Swamp.
 12698 | Lair:2   | Gained mutation: You have a pair of small antennae on your
                  | head. [potion of mutation]
 12698 | Lair:2   | Gained mutation: You are clumsy. (Dex -2) [potion of
                  | mutation]
 13203 | Lair:3   | Found a hide-covered altar of Uskayaw.
 13245 | Lair:3   | Noticed a five-headed hydra
 13273 | Lair:3   | Noticed Snorg
 13291 | Lair:3   | Killed Snorg
 13333 | Lair:3   | Reached skill level 5 in Invocations
 13340 | Lair:3   | Reached skill level 15 in Unarmed Combat
 13580 | Lair:3   | Killed a five-headed hydra
 13718 | Lair:3   | Found a staircase to the Snake Pit.
 14175 | Lair:3   | Noticed a fire dragon
 14226 | Lair:4   | You fall into a shaft and drop 1 floor!
 14226 | Lair:5   | Entered Level 5 of the Lair of Beasts
 14479 | Lair:5   | Noticed a boulder beetle
 14489 | Lair:5   | Found a transporter.
 14820 | Lair:4   | Noticed a death yak
 14821 | Lair:4   | Noticed a death yak
 14835 | Lair:4   | Noticed a death yak
 14853 | Lair:4   | Reached skill level 5 in Dodging
 14928 | Lair:4   | Reached XP level 13. HP: 54/102 MP: 17/17
 15825 | Lair:4   | Noticed Urug
 15837 | Lair:4   | Killed Urug
 16371 | Lair:5   | Reached skill level 10 in Fighting
 17390 | Lair:5   | Found a staircase to the Slime Pits.
 17391 | Lair:5   | Found a transporter.
 17391 | Lair:5   | Found a viscous altar of Jiyva.
 17472 | Lair:5   | Noticed sastreii's ghost (journeyman GrFi)
 18472 | Lair:5   | Slain by a catoblepas

Illustrated notes

Levels and vault maps discovered:
D:1:      dpeg_arrival_tiny_h, layout_loops_ring
D:2:      layout_basic, basic_altar, serial_shops, nicolae_shop_mannequins,
          uniq_sigmund
D:3:      layout_loops_cross, ebering_ghost_disaster_area, uniq_natasha
D:4:      layout_loops_cross, serial_shops, kennysheep_mini_moat, uniq_edmund
D:5:      layout_basic, minmay_temple_entry_antechambers,
          kennysheep_big_empty_room, minmay_holes, grunt_decor_fettered,
          nicolae_figureground_pulse
D:6:      layout_gridville, minmay_bent
D:7:      hellmonk_ruined_rings, layout_basic
D:8:      layout_rooms, minivault_24
D:9:      minmay_flawed_box, layout_long_grid, xom_teletrap_fun, uniq_erolcha
D:10:     layout_stronghold, enter_trove_6, serial_shops, shop, uniq_amaemon
D:11:     layout_roguey, erik_lair_orcish_takeover, st_stairs_2
D:12:     layout_small_grid, uniq_sonja
Temple:   mainiacjoe_temple_archimedes_tessellation
Lair:1:   layout_loops_ring, beast_lair_carwin_1, serial_bayou_shore_b
Lair:2:   layout_regular_city, nicolae_swamp_entry_splash_gauntlet,
          beast_lair_carwin_11
Lair:3:   dragon1_lemuel, layout_regular_city, nicolae_snake_entry_squirm,
          basic_altar, uniq_snorg
Lair:4:   layout_cave_pods, uniq_urug
Lair:5:   hangedman_lair_in_review, layout_gridlike, slime_entry_1,
          nzn_ghost_randoct

Skill      XL: |  1  2  3  4  5  6  7  8  9 10 11 12 13 |
---------------+----------------------------------------+-----
Unarmed Combat | 4 5 7 8 10 12 13 14 15 | 15.9
Fighting       | 4 6 7 8 9 10 | 10.4
Shields        | 2 4 5 6 7 |  7.8
Dodging        | 3 5 6 |  6.0
Stealth        | 5 6 8 |  8.0
Invocations    | 3 6 7 |  7.6

Action                     |  1- 3 |  4- 6 |  7- 9 | 10-12 | 13-15 || total
---------------------------+-------+-------+-------+-------+-------++-------
  Melee: Unarmed           |     1 |    59 |   319 |   501 |   276 ||  1156
         Punch             |       |     2 |    13 |       |       ||    15
  Throw: Throwing net      |       |     1 |     1 |     1 |       ||     3
 Invoke: Line Pass         |       |       |       |     2 |     6 ||     8
         Stomp             |       |       |       |     3 |       ||     3
  Evoke: Wand              |     2 |     4 |     1 |     6 |       ||    13
    Use: Scroll            |       |       |     3 |    14 |     2 ||    19
         Potion            |       |       |     6 |    10 |     1 ||    17
   Stab: Sleeping          |       |     3 |    25 |     6 |     7 ||    41
         Distracted        |       |       |     1 |     3 |     1 ||     5
         Paralysed         |       |       |       |    35 |    14 ||    49
         Confused          |       |       |       |     1 |     3 ||     4
         Invisible         |       |       |       |     4 |       ||     4
         Petrified         |       |       |       |       |     6 ||     6
 Armour: Leather armour    |       |    11 |       |       |       ||    11
         Robe              |       |     1 |    81 |   218 |    53 ||   353
         Skin              |       |       |     6 |       |       ||     6
  Dodge: Dodged            |     2 |    21 |   130 |   210 |   102 ||   465
  Block: Buckler           |       |       |     5 |   255 |   120 ||   380
         Reflection        |       |       |       |    13 |       ||    13
